TORONTO Maple Leafs vs COLORADO Avalanche

Created - 25 mars 2024 at 22:39

Goals
1 2 3 OT1 T
TORONTO Maple Leafs 3 0 0 0 3
COLORADO Avalanche 2 0 1 1 4
Shots
1 2 3 OT1 T
TORONTO Maple Leafs 9 5 9 2 25
COLORADO Avalanche 9 7 7 9 32

1st period

1. TORONTO Maple Leafs , Jonah Gadjovich 7 (Artem Zub 9, Ryan Carpenter 8) at 1:26
2. COLORADO Avalanche , Alex Iafallo 18 (Jason Zucker 21, Trevor Zegras 32) at 4:18
3. TORONTO Maple Leafs , Josh Bailey 13 (Nick Leddy 25, Matt Murray) at 7:48
4. COLORADO Avalanche , David Pastrnak 32 (Tyson Barrie 38, Jake DeBrusk 32) at 11:32 (PP)
5. TORONTO Maple Leafs , Ryan Carpenter 5 (Simon Holmstrom 5, Shayne Gostisbehere 34) at 12:04

Penalties :
Vince Dunn (TOR) for Cross-checking (Minor) at 10:49, Janne Kuokkanen (TOR) for Cross-checking (Minor) at 14:46

2nd period

No Goal

Penalties :
Jeff Skinner (COL) for High sticking (Minor) at 17:02

3rd period

6. COLORADO Avalanche , Trevor Zegras 12 (Alex Iafallo 25, Nick Foligno 20) at 4:09 (PP)

Penalties :
Ryan Carpenter (TOR) for Roughing (Minor) at 2:37

Overtime #1

7. COLORADO Avalanche , Tomas Nosek 8 (Alex Iafallo 26) at 3:07

Penalties :
No Penalty

Goalie Stats

Matt Murray (TOR), 28 saves from 32 shots - (0,875), OTL, 23-29-5, 63:08 minutes
Jonathan Quick (COL), 22 saves from 25 shots - (0,880), W, 28-24-5, 63:08 minutes

Players Stats for TORONTO Maple Leafs

Player Name              G  A  P  +/- PIM S  H  SB GA TA FO     MP     PP MP  PK MP  
------------------------------------------------------------------------------------
Alex Goligoski           0  0  0   1  0   0  1  1  0  0  0/0    17:19   0:00   2:30 
Alexander Holtz          0  0  0  -1  0   0  2  0  0  0  1/1     7:32   0:00   0:00 
Artem Zub                0  1  1   1  0   0  1  2  0  0  0/0    13:58   0:00   0:00 
Colin White              0  0  0   0  0   2  0  0  0  0  0/0    18:47   0:59   0:00 
Corey Perry              0  0  0   1  0   3  0  0  0  0  3/3    23:15   1:00   2:37 
Janne Kuokkanen          0  0  0  -1  2   1  0  0  0  0  1/2     7:31   0:00   0:00 
John Marino              0  0  0   0  0   0  0  0  0  0  0/0    20:26   0:59   1:44 
Jonah Gadjovich          1  0  1   2  0   2  0  0  0  0  0/1    11:25   0:00   0:00 
Josh Bailey              1  0  1   0  0   2  1  0  0  0  2/3    22:47   1:00   1:37 
Kevin Stenlund           0  0  0  -1  0   1  1  0  0  0  6/8     7:32   0:00   0:00 
Mark Jankowski           0  0  0   0  0   0  0  0  0  0  2/6    18:47   0:59   0:00 
Nick Leddy               0  1  1   0  0   0  0  0  0  0  0/0    20:26   0:59   1:44 
Ryan Carpenter           1  1  2   1  2   3  3  0  0  0  7/14   11:56   0:00   0:00 
Sam Lafferty             0  0  0   0  0   3  3  1  0  0  13/19  17:48   0:59   1:37 
Shayne Gostisbehere      0  1  1   0  0   4  4  3  0  0  0/0    27:53   1:00   2:30 
Simon Holmstrom          0  1  1   2  0   1  0  0  0  0  0/1    11:25   0:00   0:00 
Tyler Seguin             0  0  0   1  0   1  1  0  0  0  12/25  23:15   1:00   2:37 
Vince Dunn               0  0  0   1  2   2  1  0  0  0  0/0    23:05   1:00   0:00 

Players Stats for COLORADO Avalanche

Player Name              G  A  P  +/- PIM S  H  SB GA TA FO     MP     PP MP  PK MP  
------------------------------------------------------------------------------------
Alex Iafallo             1  2  3   0  0   5  0  0  0  0  0/1    21:43   2:15   0:36 
Craig Smith              0  0  0   0  0   0  0  0  0  0  4/8     6:02   0:00   0:00 
David Pastrnak           1  0  1  -1  0   2  1  0  0  0  1/1    22:00   1:26   0:00 
Jake DeBrusk             0  1  1  -1  0   3  0  0  0  0  0/0    22:30   1:26   1:23 
Jason Zucker             0  1  1  -1  0   3  0  0  0  0  1/2    18:55   1:45   0:47 
Jeff Skinner             0  0  0  -1  2   2  2  0  0  0  10/24  21:15   1:26   0:00 
Jordan Eberle            0  0  0   0  0   3  0  0  0  0  1/1    11:47   0:00   0:00 
Jordie Benn              0  0  0  -1  0   1  3  0  0  0  0/0    15:54   1:03   0:00 
Kris Russell             0  0  0  -1  0   0  3  1  0  0  0/0    16:17   1:36   0:00 
Mark Pysyk               0  0  0   0  0   0  1  2  0  0  0/0    22:40   1:12   0:58 
Nick Foligno             0  1  1   0  0   2  2  0  0  0  6/16   19:33   1:36   0:00 
Oliver Ekman-Larsson     0  0  0   0  0   0  2  1  0  0  0/0    24:11   1:26   1:01 
Tomas Nosek              1  0  1   1  0   5  2  0  0  0  6/10   15:57   0:33   1:12 
Trevor Zegras            1  1  2  -1  0   3  1  0  0  0  7/20   18:32   2:15   0:00 
Tyler Johnson            0  0  0   0  0   0  0  0  0  0  0/0     0:00   0:00   0:00 
Tyson Barrie             0  1  1   0  0   3  1  0  0  0  0/0    23:18   1:26   1:01 
Zach Aston-Reese         0  0  0   0  0   0  0  0  0  0  0/0     6:02   0:00   0:00 
Zach Bogosian            0  0  0  -1  0   0  2  1  0  0  0/0    20:48   1:45   0:58 

3 Stars

1 - Alex Iafallo (COL)
2 - Ryan Carpenter (TOR)
3 - Tomas Nosek (COL)

Power Play

TORONTO Maple Leafs - 0 on 1 Attempt(s) - 0,00%
COLORADO Avalanche - 2 on 3 Attempt(s) - 66,67%

Penalty Kill

TORONTO Maple Leafs - 1 on 3 Attempt(s) - 33,33% - Score 0 goal in Penalty Kill
COLORADO Avalanche - 1 on 1 Attempt(s) - 100,00% - Score 0 goal in Penalty Kill

Team Stat

TORONTO Maple Leafs - Hits : 18 - Faceoff Wins : 47 - Blocked Shots : 7 - Penalty Minutes : 6
COLORADO Avalanche - Hits : 20 - Faceoff Wins : 36 - Blocked Shots : 5 - Penalty Minutes : 2

Official

Referees : Jordan Samuels-Thomas and Justin St. Pierre
Linesman : Kory Nagy and Jesse Marquis

Game Notes

No Game Note

Finance

Level 1 -- Attendance: 5146 (85,77%) -- Ticket Income $514,600
Level 2 -- Attendance: 4246 (84,92%) -- Ticket Income $254,760
Level 3 -- Attendance: 1960 (98,00%) -- Ticket Income $68,600
Level 4 -- Attendance: 3017 (75,43%) -- Ticket Income $75,425
Luxury Box -- Attendance: 873 (87,30%) -- Ticket Income $174,600
Game was played at the Pepsi Center.
Total Attendance: 15242 (84,68%)
Total Ticket Income: $1,087,985
Other Income: $271,996
Total Income: $1,359,981

TORONTO Maple Leafs

5 vs 5 Forward 
   Center                   Left Wing                Right Wing               Time % Phy DF OF 
 1 Tyler Seguin             Josh Bailey              Corey Perry              40     1   2  2  
 2 Sam Lafferty             Mark Jankowski           Colin White              30     1   2  2  
 3 Ryan Carpenter           Jonah Gadjovich          Simon Holmstrom          20     1   2  2  
 4 Kevin Stenlund           Janne Kuokkanen          Alexander Holtz          10     1   2  2  

5 vs 5 Defense 
   Defense                  Defense                                           Time % Phy DF OF 
 1 Vince Dunn               Shayne Gostisbehere                               40     1   2  2  
 2 Nick Leddy               John Marino                                       30     1   2  2  
 3 Alex Goligoski           Artem Zub                                         20     1   2  2  
 4 Vince Dunn               Shayne Gostisbehere                               10     1   2  2  

PowerPlay Forward 
   Center                   Left Wing                Right Wing               Time % Phy DF OF 
 1 Tyler Seguin             Josh Bailey              Corey Perry              60     1   2  2  
 2 Sam Lafferty             Mark Jankowski           Colin White              40     1   2  2  

PowerPlay Defense
   Defense                  Defense                                           Time % Phy DF OF 
 1 Vince Dunn               Shayne Gostisbehere                               60     1   2  2  
 2 Nick Leddy               John Marino                                       40     1   2  2  

Penalty Kill 4 Players Forward 
   Center                   Wing                     Time % Phy DF OF 
 1 Tyler Seguin             Corey Perry              60     1   2  2  
 2 Josh Bailey              Sam Lafferty             40     1   2  2  

Penalty Kill 4 Players Defense
   Defense                  Defense                  Time % Phy DF OF 
 1 Alex Goligoski           Shayne Gostisbehere      60     1   2  2  
 2 Nick Leddy               John Marino              40     1   2  2  

Penalty Kill - 3 Players Forward 
   Forward                                           Time % Phy DF OF 
 1 Tyler Seguin                                      60     1   2  2  
 2 Corey Perry                                       40     1   2  2  

Penalty Kill - 3 Players Defense
   Defense                  Defense                  Time % Phy DF OF 
 1 Vince Dunn               Shayne Gostisbehere      60     1   2  2  
 2 Nick Leddy               John Marino              40     1   2  2  

4 vs 4 Forward 
   Center                   Wing                     Time % Phy DF OF 
 1 Tyler Seguin             Corey Perry              60     1   2  2  
 2 Josh Bailey              Sam Lafferty             40     1   2  2  

4 vs 4 Defense
   Defense                  Defense                  Time % Phy DF OF 
 1 Artem Zub                Shayne Gostisbehere      60     1   2  2  
 2 Nick Leddy               John Marino              40     1   2  2  

Last Minutes Offensive
   Center                   Left Wing                Right Wing               Defense                  Defense                  
   Tyler Seguin             Josh Bailey              Corey Perry              Vince Dunn               Shayne Gostisbehere      

Last Minutes Defensive
   Center                   Left Wing                Right Wing               Defense                  Defense                  
   Tyler Seguin             Josh Bailey              Corey Perry              Vince Dunn               Shayne Gostisbehere      

Goaltenders
Starting : Matt Murray              
Backup : Alex Nedeljkovic         

Extra Forwards
Normal : Ryan Carpenter, Simon Holmstrom, Jonah Gadjovich - PP : Ryan Carpenter, Simon Holmstrom - PK : Jonah Gadjovich
Extra Defensemen
Normal : Alex Goligoski, Artem Zub, Vince Dunn - PP : Alex Goligoski - PK : Artem Zub, Vince Dunn
Penalty Shots
Tyler Seguin, Corey Perry, Josh Bailey, Sam Lafferty, Colin White

Scratches
Mark Friedman (Healthy), Dennis Gilbert (Healthy)

COLORADO Avalanche

5 vs 5 Forward 
   Center                   Left Wing                Right Wing               Time % Phy DF OF 
 1 Jeff Skinner             Jake DeBrusk             David Pastrnak           40     1   2  2  
 2 Trevor Zegras            Alex Iafallo             Jason Zucker             30     1   2  2  
 3 Nick Foligno             Tomas Nosek              Jordan Eberle            20     1   2  2  
 4 Craig Smith              Zach Aston-Reese         Nick Foligno             10     1   2  2  

5 vs 5 Defense 
   Defense                  Defense                                           Time % Phy DF OF 
 1 Tyson Barrie             Oliver Ekman-Larsson                              40     1   2  2  
 2 Zach Bogosian            Mark Pysyk                                        30     1   2  2  
 3 Kris Russell             Jordie Benn                                       20     1   2  2  
 4 Tyson Barrie             Oliver Ekman-Larsson                              10     1   2  2  

PowerPlay Forward 
   Center                   Left Wing                Right Wing               Time % Phy DF OF 
 1 Jeff Skinner             Jake DeBrusk             David Pastrnak           60     1   2  2  
 2 Trevor Zegras            Alex Iafallo             Jeff Skinner             40     1   2  2  

PowerPlay Defense
   Defense                  Defense                                           Time % Phy DF OF 
 1 Tyson Barrie             Oliver Ekman-Larsson                              60     1   2  2  
 2 Zach Bogosian            Mark Pysyk                                        40     1   2  2  

Penalty Kill 4 Players Forward 
   Center                   Wing                     Time % Phy DF OF 
 1 Jeff Skinner             Jake DeBrusk             60     1   2  2  
 2 Trevor Zegras            Jason Zucker             40     1   2  2  

Penalty Kill 4 Players Defense
   Defense                  Defense                  Time % Phy DF OF 
 1 Tyson Barrie             Oliver Ekman-Larsson     60     1   2  2  
 2 Zach Bogosian            Mark Pysyk               40     1   2  2  

Penalty Kill - 3 Players Forward 
   Forward                                           Time % Phy DF OF 
 1 Jeff Skinner                                      60     1   2  2  
 2 Trevor Zegras                                     40     1   2  2  

Penalty Kill - 3 Players Defense
   Defense                  Defense                  Time % Phy DF OF 
 1 Tyson Barrie             Oliver Ekman-Larsson     60     1   2  2  
 2 Zach Bogosian            Mark Pysyk               40     1   2  2  

4 vs 4 Forward 
   Center                   Wing                     Time % Phy DF OF 
 1 Jeff Skinner             Jake DeBrusk             60     1   2  2  
 2 Trevor Zegras            Jason Zucker             40     1   2  2  

4 vs 4 Defense
   Defense                  Defense                  Time % Phy DF OF 
 1 Tyson Barrie             Oliver Ekman-Larsson     60     1   2  2  
 2 Zach Bogosian            Mark Pysyk               40     1   2  2  

Last Minutes Offensive
   Center                   Left Wing                Right Wing               Defense                  Defense                  
   Jeff Skinner             Jake DeBrusk             David Pastrnak           Tyson Barrie             Oliver Ekman-Larsson     

Last Minutes Defensive
   Center                   Left Wing                Right Wing               Defense                  Defense                  
   Jeff Skinner             Jake DeBrusk             David Pastrnak           Tyson Barrie             Oliver Ekman-Larsson     

Goaltenders
Starting : Jonathan Quick           
Backup : Magnus Hellberg          

Extra Forwards
Normal : Jason Zucker, Alex Iafallo, Trevor Zegras - PP : Jason Zucker, Alex Iafallo - PK : Jason Zucker
Extra Defensemen
Normal : Mark Pysyk, Kris Russell, Jordie Benn - PP : Mark Pysyk - PK : Mark Pysyk, Kris Russell
Penalty Shots
David Pastrnak, Jeff Skinner, Jake DeBrusk, Jordan Eberle, Jason Zucker

Scratches
None


% Time on Ice - TORONTO Maple Leafs

Lines # - Real PCT - Wanted PCT - Time Play
Normal Forward
1 - 37% - 40% - 19:38
2 - 28% - 30% - 15:12
3 - 21% - 20% - 11:25
4 - 14% - 10% - 7:32
Normal Defense
1 - 36% - 40% - 19:35
2 - 33% - 30% - 17:43
3 - 26% - 20% - 13:58
4 - 5% - 10% - 2:31
PP Forward
1 - 50% - 60% - 1:00
2 - 50% - 40% - 0:59
PP Defense
1 - 50% - 60% - 1:00
2 - 50% - 40% - 0:59
PK Forward
1 - 62% - 60% - 2:37
2 - 38% - 40% - 1:37
PK Defense
1 - 59% - 60% - 2:30
2 - 41% - 40% - 1:44
PK3 Forward
1 - 0% - 60%
2 - 0% - 40%
PK3 Defense
1 - 0% - 60%
2 - 0% - 40%
44 Forward
1 - 0% - 60%
2 - 0% - 40%
44 Defense
1 - 0% - 60%
2 - 0% - 40%
Last Minute Offensive  - 0:00
Last Minute Defensive  - 0:00
Total
Forward - 60:00
Defense - 60:00

% Time on Ice - COLORADO Avalanche

Lines # - Real PCT - Wanted PCT - Time Play
Normal Forward
1 - 37% - 40% - 19:41
2 - 30% - 30% - 16:17
3 - 22% - 20% - 11:47
4 - 11% - 10% - 6:02
Normal Defense
1 - 36% - 40% - 19:21
2 - 34% - 30% - 18:05
3 - 26% - 20% - 13:58
4 - 4% - 10% - 2:23
PP Forward
1 - 47% - 60% - 1:59
2 - 53% - 40% - 2:15
PP Defense
1 - 43% - 60% - 1:50
2 - 57% - 40% - 2:24
PK Forward
1 - 100% - 60% - 1:59
2 - 0% - 40% - 0:00
PK Defense
1 - 51% - 60% - 1:01
2 - 49% - 40% - 0:58
PK3 Forward
1 - 0% - 60%
2 - 0% - 40%
PK3 Defense
1 - 0% - 60%
2 - 0% - 40%
44 Forward
1 - 0% - 60%
2 - 0% - 40%
44 Defense
1 - 0% - 60%
2 - 0% - 40%
Last Minute Offensive  - 0:00
Last Minute Defensive  - 0:00
Total
Forward - 60:00
Defense - 60:00

Play-by-Play

1st period


0:01 of 1st period - Tyler Seguin wins face-off versus Jeff Skinner in neutral zone.
0:20 of 1st period - Shot by Vince Dunn.
0:20 of 1st period - Stopped by Jonathan Quick with a rebound.
0:22 of 1st period - Shot by Tyler Seguin.
0:22 of 1st period - Stopped by Jonathan Quick without a rebound.
0:23 of 1st period - Sam Lafferty wins face-off versus Trevor Zegras in COLORADO Avalanche zone.
1:26 of 1st period - Shot by Jonah Gadjovich.
1:26 of 1st period - Goal by Jonah Gadjovich - TORONTO Maple Leafs : 1 - COLORADO Avalanche : 0.
1:27 of 1st period - Tyler Seguin wins face-off versus Nick Foligno in neutral zone.
1:52 of 1st period - Shot by Nick Foligno.
1:52 of 1st period - Stopped by Matt Murray with a rebound.
2:57 of 1st period - David Pastrnak is hit by Alex Goligoski and loses puck.
3:05 of 1st period - Jake DeBrusk is hit by Artem Zub and loses puck.
3:48 of 1st period - Shot by Trevor Zegras.
3:48 of 1st period - Shot Misses the Net.
3:52 of 1st period - Shot by Trevor Zegras.
3:52 of 1st period - Stopped by Matt Murray without a rebound.
3:53 of 1st period - Craig Smith wins face-off versus Sam Lafferty in TORONTO Maple Leafs zone.
4:08 of 1st period - Shot by Sam Lafferty.
4:08 of 1st period - Stopped by Jonathan Quick without a rebound.
4:09 of 1st period - Trevor Zegras wins face-off versus Kevin Stenlund in COLORADO Avalanche zone.
4:18 of 1st period - Shot by Alex Iafallo.
4:18 of 1st period - Goal by Alex Iafallo - TORONTO Maple Leafs : 1 - COLORADO Avalanche : 1.
4:19 of 1st period - Sam Lafferty wins face-off versus Jeff Skinner in neutral zone.
4:25 of 1st period - Colin White is hit by Tyson Barrie.
4:31 of 1st period - Shot by Jeff Skinner.
4:31 of 1st period - Shot Misses the Net.
4:35 of 1st period - Shot by Jake DeBrusk.
4:35 of 1st period - Stopped by Matt Murray without a rebound.
4:36 of 1st period - Tyler Seguin wins face-off versus Trevor Zegras in TORONTO Maple Leafs zone.
4:44 of 1st period - Jason Zucker is hit by Shayne Gostisbehere and loses puck.
6:25 of 1st period - Shot by Janne Kuokkanen.
6:25 of 1st period - Stopped by Jonathan Quick without a rebound.
6:26 of 1st period - Craig Smith wins face-off versus Ryan Carpenter in COLORADO Avalanche zone.
6:51 of 1st period - Shot by Ryan Carpenter.
6:51 of 1st period - Shot Blocked by Mark Pysyk.
7:18 of 1st period - Icing by Mark Pysyk.
7:19 of 1st period - Craig Smith wins face-off versus Tyler Seguin in COLORADO Avalanche zone.
7:48 of 1st period - Shot by Josh Bailey.
7:48 of 1st period - Goal by Josh Bailey - TORONTO Maple Leafs : 2 - COLORADO Avalanche : 1.
7:49 of 1st period - Sam Lafferty wins face-off versus Jeff Skinner in neutral zone.
8:05 of 1st period - Colin White is hit by Jeff Skinner and loses puck.
8:15 of 1st period - Icing by Alex Goligoski.
8:16 of 1st period - Sam Lafferty wins face-off versus Trevor Zegras in TORONTO Maple Leafs zone.
9:30 of 1st period - Shot by David Pastrnak.
9:30 of 1st period - Shot Misses the Net.
9:32 of 1st period - Shot by Tyson Barrie.
9:32 of 1st period - Stopped by Matt Murray with a rebound.
9:34 of 1st period - Shot by Tyson Barrie.
9:34 of 1st period - Stopped by Matt Murray without a rebound.
9:35 of 1st period - Kevin Stenlund wins face-off versus Nick Foligno in TORONTO Maple Leafs zone.
9:37 of 1st period - Icing by John Marino.
9:38 of 1st period - Kevin Stenlund wins face-off versus Nick Foligno in TORONTO Maple Leafs zone.
10:40 of 1st period - Tomas Nosek is hit by Shayne Gostisbehere.
10:49 of 1st period - Minor Penalty to Vince Dunn for Cross-checking.
10:50 of 1st period - Jeff Skinner wins face-off versus Tyler Seguin in TORONTO Maple Leafs zone.
10:51 of 1st period - Shot by Jake DeBrusk.
10:51 of 1st period - Stopped by Matt Murray without a rebound.
10:52 of 1st period - Jeff Skinner wins face-off versus Tyler Seguin in TORONTO Maple Leafs zone.
10:58 of 1st period - Shot by Jake DeBrusk.
10:58 of 1st period - Stopped by Matt Murray without a rebound.
10:59 of 1st period - Tyler Seguin wins face-off versus Jeff Skinner in TORONTO Maple Leafs zone.
11:16 of 1st period - Shot by Tyson Barrie.
11:16 of 1st period - Shot Misses the Net.
11:32 of 1st period - Shot by David Pastrnak.
11:32 of 1st period - Goal by David Pastrnak - TORONTO Maple Leafs : 2 - COLORADO Avalanche : 2.
11:33 of 1st period - Sam Lafferty wins face-off versus Trevor Zegras in neutral zone.
11:48 of 1st period - Icing by Kris Russell.
11:49 of 1st period - Ryan Carpenter wins face-off versus Trevor Zegras in COLORADO Avalanche zone.
11:49 of 1st period - Vince Dunn is hit by Kris Russell and loses puck.
12:02 of 1st period - Shot by Simon Holmstrom.
12:02 of 1st period - Shot Misses the Net.
12:04 of 1st period - Shot by Ryan Carpenter.
12:04 of 1st period - Goal by Ryan Carpenter - TORONTO Maple Leafs : 3 - COLORADO Avalanche : 2.
12:05 of 1st period - Corey Perry wins face-off versus Jeff Skinner in neutral zone.
13:40 of 1st period - Shot by Sam Lafferty.
13:40 of 1st period - Shot Misses the Net.
13:42 of 1st period - Shot by Vince Dunn.
13:42 of 1st period - Stopped by Jonathan Quick with a rebound.
14:46 of 1st period - Minor Penalty to Janne Kuokkanen for Cross-checking.
14:47 of 1st period - Tyler Seguin wins face-off versus Trevor Zegras in TORONTO Maple Leafs zone.
15:12 of 1st period - Shot by Jason Zucker.
15:12 of 1st period - Shot Blocked by Alex Goligoski.
15:14 of 1st period - Shot by Alex Iafallo.
15:14 of 1st period - Shot Misses the Net.
15:16 of 1st period - Shot by Alex Iafallo.
15:16 of 1st period - Shot Misses the Net.
15:19 of 1st period - Alex Iafallo is hit by Shayne Gostisbehere and loses puck.
15:32 of 1st period - Shot by Trevor Zegras.
15:32 of 1st period - Shot Blocked by Shayne Gostisbehere.
15:51 of 1st period - Icing by Alex Iafallo.
15:52 of 1st period - Josh Bailey wins face-off versus Alex Iafallo in COLORADO Avalanche zone.
15:55 of 1st period - Shot by Josh Bailey.
15:55 of 1st period - Shot Blocked by Kris Russell.
16:48 of 1st period - Shot by Jeff Skinner.
16:48 of 1st period - Shot Misses the Net.
17:00 of 1st period - Shot by Ryan Carpenter.
17:00 of 1st period - Shot Misses the Net.
17:38 of 1st period - Off-side.
17:39 of 1st period - Sam Lafferty wins face-off versus Trevor Zegras in neutral zone.
17:55 of 1st period - Zach Bogosian is hit by Sam Lafferty and loses puck.
18:07 of 1st period - Mark Jankowski is hit by Zach Bogosian.
18:14 of 1st period - Colin White is hit by Zach Bogosian.
19:20 of 1st period - Shot by Kevin Stenlund.
19:20 of 1st period - Stopped by Jonathan Quick without a rebound.
19:21 of 1st period - Nick Foligno wins face-off versus Ryan Carpenter in COLORADO Avalanche zone.
19:58 of 1st period - Shot by Tomas Nosek.
19:58 of 1st period - Shot Blocked by Shayne Gostisbehere.
Goals for this period are 3 for TORONTO Maple Leafs vs 2 for COLORADO Avalanche.
Shots for this period are 9 for TORONTO Maple Leafs vs 9 for COLORADO Avalanche.

2nd period


0:01 of 2nd period - Corey Perry wins face-off versus Jeff Skinner in neutral zone.
0:18 of 2nd period - Shot by Shayne Gostisbehere.
0:18 of 2nd period - Stopped by Jonathan Quick without a rebound.
0:19 of 2nd period - Sam Lafferty wins face-off versus Nick Foligno in COLORADO Avalanche zone.
0:23 of 2nd period - Icing by Kris Russell.
0:24 of 2nd period - Tyler Seguin wins face-off versus Nick Foligno in COLORADO Avalanche zone.
0:24 of 2nd period - Tyler Seguin is hit by Kris Russell.
1:05 of 2nd period - Tyler Seguin is hit by Jordie Benn and loses puck.
1:41 of 2nd period - Shot by Jeff Skinner.
1:41 of 2nd period - Deflect By Jake DeBrusk.
1:41 of 2nd period - Shot Hit the Post.
1:51 of 2nd period - Shot by Jeff Skinner.
1:51 of 2nd period - Shot Blocked by Sam Lafferty.
2:40 of 2nd period - Alex Goligoski is hit by Mark Pysyk and loses puck.
3:10 of 2nd period - Off-side.
3:11 of 2nd period - Ryan Carpenter wins face-off versus Nick Foligno in neutral zone.
3:11 of 2nd period - Ryan Carpenter is hit by Tomas Nosek.
3:28 of 2nd period - Shot by Jordan Eberle.
3:28 of 2nd period - Stopped by Matt Murray without a rebound.
3:29 of 2nd period - Josh Bailey wins face-off versus Craig Smith in TORONTO Maple Leafs zone.
3:29 of 2nd period - Josh Bailey is hit by Nick Foligno.
3:57 of 2nd period - Shot by Craig Smith.
3:57 of 2nd period - Deflect By Zach Aston-Reese.
3:57 of 2nd period - Shot Misses the Net.
4:57 of 2nd period - Shot by Jeff Skinner.
4:57 of 2nd period - Shot Misses the Net.
5:01 of 2nd period - Shot by David Pastrnak.
5:01 of 2nd period - Deflect By Jeff Skinner.
5:01 of 2nd period - Shot Misses the Net.
5:21 of 2nd period - Artem Zub is hit by David Pastrnak and loses puck.
5:26 of 2nd period - Shot by Jake DeBrusk.
5:26 of 2nd period - Shot Misses the Net.
5:55 of 2nd period - Shot by Jason Zucker.
5:55 of 2nd period - Shot Blocked by Artem Zub.
5:57 of 2nd period - Shot by Jason Zucker.
5:57 of 2nd period - Stopped by Matt Murray without a rebound.
5:58 of 2nd period - Trevor Zegras wins face-off versus Tyler Seguin in TORONTO Maple Leafs zone.
6:50 of 2nd period - Icing by Shayne Gostisbehere.
6:51 of 2nd period - Jeff Skinner wins face-off versus Tyler Seguin in TORONTO Maple Leafs zone.
7:24 of 2nd period - Shot by Mark Jankowski.
7:24 of 2nd period - Deflect By Colin White.
7:24 of 2nd period - Shot Misses the Net.
7:26 of 2nd period - Shot by Mark Jankowski.
7:26 of 2nd period - Shot Misses the Net.
7:28 of 2nd period - Shot by Sam Lafferty.
7:28 of 2nd period - Shot Blocked by Mark Pysyk.
7:36 of 2nd period - Shot by Colin White.
7:36 of 2nd period - Shot Misses the Net.
7:38 of 2nd period - Shot by Colin White.
7:38 of 2nd period - Deflect By Sam Lafferty.
7:38 of 2nd period - Shot Blocked by Zach Bogosian.
8:15 of 2nd period - Icing by Artem Zub.
8:16 of 2nd period - Ryan Carpenter wins face-off versus Trevor Zegras in TORONTO Maple Leafs zone.
8:18 of 2nd period - Icing by Artem Zub.
8:19 of 2nd period - Ryan Carpenter wins face-off versus Trevor Zegras in TORONTO Maple Leafs zone.
8:19 of 2nd period - Jonah Gadjovich is hit by Trevor Zegras and loses puck.
8:34 of 2nd period - Shot by Simon Holmstrom.
8:34 of 2nd period - Shot Misses the Net.
9:00 of 2nd period - Shot by Trevor Zegras.
9:00 of 2nd period - Shot Misses the Net.
9:06 of 2nd period - Alex Iafallo is hit by Ryan Carpenter and loses puck.
10:33 of 2nd period - Icing by Sam Lafferty.
10:34 of 2nd period - Jeff Skinner wins face-off versus Sam Lafferty in TORONTO Maple Leafs zone.
10:54 of 2nd period - Shot by David Pastrnak.
10:54 of 2nd period - Stopped by Matt Murray without a rebound.
10:55 of 2nd period - Nick Foligno wins face-off versus Kevin Stenlund in TORONTO Maple Leafs zone.
10:55 of 2nd period - Tomas Nosek is hit by Shayne Gostisbehere and loses puck.
11:04 of 2nd period - Shot by Jordan Eberle.
11:04 of 2nd period - Stopped by Matt Murray without a rebound.
11:05 of 2nd period - David Pastrnak wins face-off versus Tyler Seguin in TORONTO Maple Leafs zone.
11:12 of 2nd period - Shot by Jeff Skinner.
11:12 of 2nd period - Deflect By Jake DeBrusk.
11:12 of 2nd period - Shot Misses the Net.
11:14 of 2nd period - Shot by Jake DeBrusk.
11:14 of 2nd period - Shot Misses the Net.
12:11 of 2nd period - Off-side.
12:12 of 2nd period - Kevin Stenlund wins face-off versus Craig Smith in neutral zone.
13:03 of 2nd period - Shot by Sam Lafferty.
13:03 of 2nd period - Deflect By Colin White.
13:03 of 2nd period - Shot Misses the Net.
13:05 of 2nd period - Shot by Nick Leddy.
13:05 of 2nd period - Deflect By Sam Lafferty.
13:05 of 2nd period - Stopped by Jonathan Quick without a rebound.
13:06 of 2nd period - Jeff Skinner wins face-off versus Sam Lafferty in COLORADO Avalanche zone.
13:06 of 2nd period - Jeff Skinner is hit by Sam Lafferty.
13:41 of 2nd period - Sam Lafferty is hit by Kris Russell and loses puck.
14:08 of 2nd period - Shot by Trevor Zegras.
14:08 of 2nd period - Stopped by Matt Murray without a rebound.
14:09 of 2nd period - Nick Foligno wins face-off versus Tyler Seguin in TORONTO Maple Leafs zone.
15:02 of 2nd period - Tomas Nosek is hit by Ryan Carpenter.
15:32 of 2nd period - Shot by Jonah Gadjovich.
15:32 of 2nd period - Deflect By Ryan Carpenter.
15:32 of 2nd period - Stopped by Jonathan Quick without a rebound.
15:33 of 2nd period - Sam Lafferty wins face-off versus Trevor Zegras in COLORADO Avalanche zone.
15:52 of 2nd period - Shot by Colin White.
15:52 of 2nd period - Stopped by Jonathan Quick without a rebound.
15:53 of 2nd period - Kevin Stenlund wins face-off versus Jeff Skinner in COLORADO Avalanche zone.
16:07 of 2nd period - Icing by Vince Dunn.
16:08 of 2nd period - Kevin Stenlund wins face-off versus Trevor Zegras in TORONTO Maple Leafs zone.
16:12 of 2nd period - Shayne Gostisbehere is hit by Jordie Benn and loses puck.
16:22 of 2nd period - Alex Iafallo is hit by Alexander Holtz and loses puck.
16:36 of 2nd period - Trevor Zegras is hit by Vince Dunn and loses puck.
16:43 of 2nd period - Shot by Trevor Zegras.
16:43 of 2nd period - Shot Hit the Post.
16:45 of 2nd period - Shot by Jordie Benn.
16:45 of 2nd period - Stopped by Matt Murray without a rebound.
16:46 of 2nd period - Jeff Skinner wins face-off versus Tyler Seguin in TORONTO Maple Leafs zone.
17:02 of 2nd period - Minor Penalty to Jeff Skinner for High sticking.
17:03 of 2nd period - Sam Lafferty wins face-off versus Jason Zucker in COLORADO Avalanche zone.
17:33 of 2nd period - Shot by Jason Zucker.
17:33 of 2nd period - Stopped by Matt Murray without a rebound.
17:34 of 2nd period - Tyler Seguin wins face-off versus Tomas Nosek in TORONTO Maple Leafs zone.
17:42 of 2nd period - Jake DeBrusk is hit by Tyler Seguin and loses puck.
19:17 of 2nd period - Shot by Simon Holmstrom.
19:17 of 2nd period - Stopped by Jonathan Quick without a rebound.
19:18 of 2nd period - Janne Kuokkanen wins face-off versus Trevor Zegras in COLORADO Avalanche zone.
19:28 of 2nd period - Kevin Stenlund is hit by Oliver Ekman-Larsson and loses puck.
Goals for this period are 0 for TORONTO Maple Leafs vs 0 for COLORADO Avalanche.
Shots for this period are 5 for TORONTO Maple Leafs vs 7 for COLORADO Avalanche.

3rd period


0:01 of 3rd period - Corey Perry wins face-off versus Jeff Skinner in neutral zone.
0:35 of 3rd period - Shot by Corey Perry.
0:35 of 3rd period - Stopped by Jonathan Quick without a rebound.
0:36 of 3rd period - Nick Foligno wins face-off versus Sam Lafferty in COLORADO Avalanche zone.
0:42 of 3rd period - Icing by Jordan Eberle.
0:43 of 3rd period - Sam Lafferty wins face-off versus Nick Foligno in COLORADO Avalanche zone.
0:52 of 3rd period - Shot by Colin White.
0:52 of 3rd period - Stopped by Jonathan Quick without a rebound.
0:53 of 3rd period - Jeff Skinner wins face-off versus Tyler Seguin in COLORADO Avalanche zone.
2:32 of 3rd period - Shot by Mark Jankowski.
2:32 of 3rd period - Shot Misses the Net.
2:37 of 3rd period - Minor Penalty to Ryan Carpenter for Roughing.
2:38 of 3rd period - Trevor Zegras wins face-off versus Tyler Seguin in TORONTO Maple Leafs zone.
2:43 of 3rd period - Shot by Alex Iafallo.
2:43 of 3rd period - Shot Misses the Net.
2:45 of 3rd period - Shot by Oliver Ekman-Larsson.
2:45 of 3rd period - Shot Misses the Net.
2:47 of 3rd period - Shot by Jeff Skinner.
2:47 of 3rd period - Shot Misses the Net.
3:25 of 3rd period - Shot by Jake DeBrusk.
3:25 of 3rd period - Shot Misses the Net.
4:09 of 3rd period - Shot by Trevor Zegras.
4:09 of 3rd period - Goal by Trevor Zegras - TORONTO Maple Leafs : 3 - COLORADO Avalanche : 3.
4:10 of 3rd period - Ryan Carpenter wins face-off versus Nick Foligno in neutral zone.
4:10 of 3rd period - Alex Goligoski is hit by Tomas Nosek and loses puck.
4:35 of 3rd period - Icing by Tomas Nosek.
4:36 of 3rd period - Nick Foligno wins face-off versus Janne Kuokkanen in COLORADO Avalanche zone.
4:46 of 3rd period - Alexander Holtz is hit by Jordie Benn and loses puck.
5:23 of 3rd period - Icing by Shayne Gostisbehere.
5:24 of 3rd period - Kevin Stenlund wins face-off versus Jeff Skinner in TORONTO Maple Leafs zone.
5:24 of 3rd period - Kevin Stenlund is hit by Jeff Skinner.
5:30 of 3rd period - Jeff Skinner is hit by Alexander Holtz and loses puck.
6:10 of 3rd period - Shot by Josh Bailey.
6:10 of 3rd period - Shot Blocked by Oliver Ekman-Larsson.
6:20 of 3rd period - Shot by Corey Perry.
6:20 of 3rd period - Stopped by Jonathan Quick without a rebound.
6:21 of 3rd period - Sam Lafferty wins face-off versus Trevor Zegras in COLORADO Avalanche zone.
7:39 of 3rd period - Shot by Jordan Eberle.
7:39 of 3rd period - Stopped by Matt Murray without a rebound.
7:40 of 3rd period - Tyler Seguin wins face-off versus Jeff Skinner in TORONTO Maple Leafs zone.
7:46 of 3rd period - Off-side.
7:47 of 3rd period - Jeff Skinner wins face-off versus Tyler Seguin in neutral zone.
9:04 of 3rd period - Shot by Jason Zucker.
9:04 of 3rd period - Stopped by Matt Murray with a rebound.
9:41 of 3rd period - Icing by Zach Bogosian.
9:42 of 3rd period - Trevor Zegras wins face-off versus Simon Holmstrom in COLORADO Avalanche zone.
9:42 of 3rd period - Jason Zucker is hit by Ryan Carpenter and loses puck.
9:53 of 3rd period - Shot by Jonah Gadjovich.
9:53 of 3rd period - Shot Misses the Net.
10:03 of 3rd period - Shot by Ryan Carpenter.
10:03 of 3rd period - Stopped by Jonathan Quick without a rebound.
10:04 of 3rd period - Jordan Eberle wins face-off versus Tyler Seguin in COLORADO Avalanche zone.
10:04 of 3rd period - Nick Foligno is hit by Josh Bailey and loses puck.
10:38 of 3rd period - Shot by Nick Foligno.
10:38 of 3rd period - Shot Misses the Net.
11:17 of 3rd period - Jonah Gadjovich is hit by Oliver Ekman-Larsson and loses puck.
11:33 of 3rd period - Shot by Jonah Gadjovich.
11:33 of 3rd period - Stopped by Jonathan Quick without a rebound.
11:34 of 3rd period - Trevor Zegras wins face-off versus Sam Lafferty in COLORADO Avalanche zone.
11:49 of 3rd period - Shot by Alex Iafallo.
11:49 of 3rd period - Stopped by Matt Murray without a rebound.
11:50 of 3rd period - Alexander Holtz wins face-off versus Jeff Skinner in TORONTO Maple Leafs zone.
12:45 of 3rd period - Zach Bogosian is hit by Kevin Stenlund and loses puck.
12:58 of 3rd period - Shot by Corey Perry.
12:58 of 3rd period - Stopped by Jonathan Quick without a rebound.
12:59 of 3rd period - Tyler Seguin wins face-off versus Craig Smith in COLORADO Avalanche zone.
13:02 of 3rd period - Shot by Shayne Gostisbehere.
13:02 of 3rd period - Stopped by Jonathan Quick without a rebound.
13:03 of 3rd period - Trevor Zegras wins face-off versus Josh Bailey in COLORADO Avalanche zone.
13:14 of 3rd period - Shot by Jason Zucker.
13:14 of 3rd period - Shot Blocked by Shayne Gostisbehere.
13:18 of 3rd period - Shot by Alex Iafallo.
13:18 of 3rd period - Stopped by Matt Murray without a rebound.
13:19 of 3rd period - Sam Lafferty wins face-off versus Craig Smith in TORONTO Maple Leafs zone.
13:19 of 3rd period - Sam Lafferty is hit by Nick Foligno.
13:37 of 3rd period - Shot by Nick Foligno.
13:37 of 3rd period - Shot Misses the Net.
13:39 of 3rd period - Shot by Nick Foligno.
13:39 of 3rd period - Shot Misses the Net.
13:41 of 3rd period - Shot by Tyson Barrie.
13:41 of 3rd period - Stopped by Matt Murray without a rebound.
13:42 of 3rd period - Tyler Seguin wins face-off versus Jeff Skinner in TORONTO Maple Leafs zone.
13:54 of 3rd period - Icing by Zach Bogosian.
13:55 of 3rd period - Sam Lafferty wins face-off versus Jeff Skinner in COLORADO Avalanche zone.
14:12 of 3rd period - Shot by Sam Lafferty.
14:12 of 3rd period - Stopped by Jonathan Quick without a rebound.
14:13 of 3rd period - Jason Zucker wins face-off versus Tyler Seguin in COLORADO Avalanche zone.
15:37 of 3rd period - Shot by Jake DeBrusk.
15:37 of 3rd period - Shot Misses the Net.
15:39 of 3rd period - Shot by Jeff Skinner.
15:39 of 3rd period - Deflect By David Pastrnak.
15:39 of 3rd period - Shot Misses the Net.
15:41 of 3rd period - Shot by Mark Pysyk.
15:41 of 3rd period - Shot Misses the Net.
15:57 of 3rd period - Shot by Jake DeBrusk.
15:57 of 3rd period - Deflect By Jeff Skinner.
15:57 of 3rd period - Stopped by Matt Murray without a rebound.
15:58 of 3rd period - Ryan Carpenter wins face-off versus Nick Foligno in TORONTO Maple Leafs zone.
16:34 of 3rd period - Icing by Nick Foligno.
16:35 of 3rd period - Tyler Seguin wins face-off versus Nick Foligno in COLORADO Avalanche zone.
17:17 of 3rd period - Icing by Vince Dunn.
17:18 of 3rd period - Tyler Seguin wins face-off versus Jeff Skinner in TORONTO Maple Leafs zone.
17:29 of 3rd period - Shot by Shayne Gostisbehere.
17:29 of 3rd period - Stopped by Jonathan Quick without a rebound.
17:30 of 3rd period - Trevor Zegras wins face-off versus Sam Lafferty in COLORADO Avalanche zone.
17:35 of 3rd period - Trevor Zegras is hit by Sam Lafferty and loses puck.
18:01 of 3rd period - Off-side.
18:02 of 3rd period - Jeff Skinner wins face-off versus Ryan Carpenter in neutral zone.
18:05 of 3rd period - Shot by David Pastrnak.
18:05 of 3rd period - Shot Misses the Net.
18:07 of 3rd period - Shot by David Pastrnak.
18:07 of 3rd period - Shot Misses the Net.
18:17 of 3rd period - Shot by David Pastrnak.
18:17 of 3rd period - Shot Blocked by Artem Zub.
18:24 of 3rd period - Icing by Alex Goligoski.
18:25 of 3rd period - Craig Smith wins face-off versus Jonah Gadjovich in TORONTO Maple Leafs zone.
18:50 of 3rd period - Shot by Simon Holmstrom.
18:50 of 3rd period - Shot Misses the Net.
18:52 of 3rd period - Shot by Ryan Carpenter.
18:52 of 3rd period - Shot Misses the Net.
Goals for this period are 0 for TORONTO Maple Leafs vs 1 for COLORADO Avalanche.
Shots for this period are 9 for TORONTO Maple Leafs vs 7 for COLORADO Avalanche.

Overtime #1


0:01 of 1st overtime period - Tomas Nosek wins face-off versus Mark Jankowski in neutral zone.
0:10 of 1st overtime period - Shot by Alex Iafallo.
0:10 of 1st overtime period - Stopped by Matt Murray with a rebound.
0:13 of 1st overtime period - Icing by Alex Goligoski.
0:14 of 1st overtime period - Tomas Nosek wins face-off versus Mark Jankowski in TORONTO Maple Leafs zone.
0:24 of 1st overtime period - Shot by Alex Iafallo.
0:24 of 1st overtime period - Shot Misses the Net.
0:26 of 1st overtime period - Shot by Tomas Nosek.
0:26 of 1st overtime period - Shot Misses the Net.
0:28 of 1st overtime period - Shot by Tomas Nosek.
0:28 of 1st overtime period - Stopped by Matt Murray without a rebound.
0:29 of 1st overtime period - Mark Jankowski wins face-off versus Tomas Nosek in TORONTO Maple Leafs zone.
0:46 of 1st overtime period - Shot by Shayne Gostisbehere.
0:46 of 1st overtime period - Stopped by Jonathan Quick without a rebound.
0:47 of 1st overtime period - Tomas Nosek wins face-off versus Mark Jankowski in COLORADO Avalanche zone.
1:00 of 1st overtime period - Shot by Tomas Nosek.
1:00 of 1st overtime period - Stopped by Matt Murray without a rebound.
1:01 of 1st overtime period - Mark Jankowski wins face-off versus Tomas Nosek in TORONTO Maple Leafs zone.
1:20 of 1st overtime period - Shot by Alex Iafallo.
1:20 of 1st overtime period - Shot Misses the Net.
1:22 of 1st overtime period - Shot by Alex Iafallo.
1:22 of 1st overtime period - Shot Misses the Net.
1:26 of 1st overtime period - Shot by Alex Iafallo.
1:26 of 1st overtime period - Shot Misses the Net.
1:37 of 1st overtime period - Icing by Shayne Gostisbehere.
1:38 of 1st overtime period - Nick Foligno wins face-off versus Mark Jankowski in TORONTO Maple Leafs zone.
2:25 of 1st overtime period - Shot by Nick Foligno.
2:25 of 1st overtime period - Stopped by Matt Murray with a rebound.
2:27 of 1st overtime period - Shot by Tomas Nosek.
2:27 of 1st overtime period - Shot Misses the Net.
2:29 of 1st overtime period - Shot by Nick Foligno.
2:29 of 1st overtime period - Shot Misses the Net.
2:35 of 1st overtime period - Shot by Nick Foligno.
2:35 of 1st overtime period - Deflect By Tomas Nosek.
2:35 of 1st overtime period - Stopped by Matt Murray without a rebound.
2:36 of 1st overtime period - Jeff Skinner wins face-off versus Ryan Carpenter in TORONTO Maple Leafs zone.
2:41 of 1st overtime period - Shot by Jeff Skinner.
2:41 of 1st overtime period - Stopped by Matt Murray without a rebound.
2:42 of 1st overtime period - Tomas Nosek wins face-off versus Ryan Carpenter in TORONTO Maple Leafs zone.
2:43 of 1st overtime period - Shot by Alex Iafallo.
2:43 of 1st overtime period - Stopped by Matt Murray without a rebound.
2:44 of 1st overtime period - Tomas Nosek wins face-off versus Ryan Carpenter in TORONTO Maple Leafs zone.
2:45 of 1st overtime period - Shot by Alex Iafallo.
2:45 of 1st overtime period - Shot Misses the Net.
2:47 of 1st overtime period - Shot by Tomas Nosek.
2:47 of 1st overtime period - Stopped by Matt Murray without a rebound.
2:48 of 1st overtime period - Ryan Carpenter wins face-off versus Tomas Nosek in TORONTO Maple Leafs zone.
2:57 of 1st overtime period - Shot by Josh Bailey.
2:57 of 1st overtime period - Stopped by Jonathan Quick without a rebound.
2:58 of 1st overtime period - Tomas Nosek wins face-off versus Ryan Carpenter in COLORADO Avalanche zone.
3:07 of 1st overtime period - Shot by Tomas Nosek.
3:07 of 1st overtime period - Goal by Tomas Nosek - TORONTO Maple Leafs : 3 - COLORADO Avalanche : 4.
Goals for this period are 0 for TORONTO Maple Leafs vs 1 for COLORADO Avalanche.
Shots for this period are 2 for TORONTO Maple Leafs vs 9 for COLORADO Avalanche. Output by the SimonT Hockey Simulator (STHS) for Martin Benoit - Original Page W3C HTML5 Valid
Hockey Simulator - Hockey Simulation - Hockey Manager